 Dungeon Crawl Stone Soup version 0.17-a0-1248-g117de50 (webtiles) character file.

71 Xvorost the Shield-Bearer (level 4, -2/29 HPs)
             Began as a Gargoyle Fighter on June 5, 2015.
             Killed by divine providence
             ... invoked by an orc priest
              (15 damage)
             ... on level 3 of the Dungeon.
             The game lasted 00:05:21 (1846 turns).

Xvorost the Shield-Bearer (Gargoyle Fighter)        Turns: 1846, Time: 00:05:21

Health: -2/29      AC: 11    Str: 24    XL:     4   Next: 24%
Magic:  4/4        EV:  8    Int:  9    God:
Gold:   131        SH:  9    Dex: 10    Spells: 0 memorised, 3 levels left

rFire  . . .     SeeInvis .     a - +0 flail
rCold  . . .     Clarity  .     b - +0 scale mail
rNeg   + . .     SustAt   .     c - +0 shield
rPois  ∞         Gourm    .     (no helmet)
rElec  +         Spirit   .     (no cloak)
rCorr  .         Warding  .     m - +0 pair of gloves
rMut   .         Stasis   .     (no boots)
MR     .....                    (no amulet)
Stlth  ..........               (no ring)
                                (no ring)

@: mighty, not resistant to hostile enchantments, extremely unstealthy
A: negative energy resistance 1, electricity resistance, unbreathing,
petrification resistance, rot immunity, AC +3
a: no special abilities


You were on level 3 of the Dungeon.
You were not hungry.

You visited 1 branch of the dungeon, and saw 3 of its levels.

You collected 131 gold pieces.

Inventory:

Hand weapons
 a - a +0 flail (weapon)
Armour
 b - a +0 scale mail (worn)
 c - a +0 shield (worn)
 m - a +0 pair of gloves (worn)
   (You found it on level 3 of the Dungeon)
Jewellery
 i - an uncursed ring of positive energy {unknown}
   (You found it on level 1 of the Dungeon)
Scrolls
 g - 4 scrolls of identify {unknown}
 h - a scroll of amnesia {unknown}
 n - a scroll of magic mapping {unknown}
 o - a scroll of remove curse {unknown}
 q - a scroll of enchant weapon {unknown}
 t - a scroll of recharging {unknown}
 u - a scroll of noise {unknown}
Potions
 d - a potion of might
 f - 3 potions of curing {unknown}
 j - a potion of flight {unknown}
 k - a potion of lignification {unknown}
 l - a potion of mutation {unknown}
 r - 2 potions of poison {unknown}
 s - a potion of haste {unknown}
Comestibles
 e - a bread ration {@e1}
 p - a meat ration {@e2}


   Skills:
 + Level 3.8 Fighting
 + Level 2.3 Maces & Flails
 + Level 3.7 Armour
 + Level 1.0 Dodging
 + Level 4.1 Shields


You had 3 spell levels left.
You didn't know any spells.

Dungeon Overview and Level Annotations

Branches:
Dungeon (3/15)

Altars:


Innate Abilities, Weirdness & Mutations

You are resistant to torment.
Your stone body is resilient (AC +3).
You are immune to poison.
You resist negative energy.
You are resistant to electric shocks.
You can survive without breathing.
You are immune to petrification.
You are immune to rotting.


Message History

You hit the adder. You block the adder's attack.
The adder bites you but does no damage.
You closely miss the adder. The adder closely misses you.
You block the adder's attack.
You miss the adder. The adder barely misses you.
You closely miss the adder. You block the adder's attack.
The adder completely misses you.
An adder is nearby!
You closely miss the adder. The adder bites you but does no damage.
The adder bites you but does no damage.
You miss the adder. The adder barely misses you.
The adder bites you but does no damage.
You closely miss the adder. The adder bites you.
You take 3 damage, and have 22/29 hp.
You closely miss the adder. The adder bites you but does no damage.
The adder barely misses you.
You barely miss the adder. The adder bites you but does no damage.
You block the adder's attack.
You miss the adder. You block the adder's attack.
The adder bites you but does no damage.
You closely miss the adder. You block the adder's attack.
You closely miss the adder. The adder bites you but does no damage.
The adder completely misses you.
You thump the adder! The adder bites you but does no damage.
You block the adder's attack.
Your shield and scale mail prevent you from hitting the adder.
The adder bites you but does no damage. You block the adder's attack.
You miss the adder. The adder bites you but does no damage.
You closely miss the adder. You block the adder's attack.
The adder bites you but does no damage.
You closely miss the adder. You block the adder's attack.
The adder bites you but does no damage.
Your shield prevents you from hitting the adder.
The adder bites you but does no damage. The adder closely misses you.
Your shield and scale mail prevent you from hitting the adder.
The adder bites you.
You take 1 damage, and have 23/29 hp.
You miss the adder. The adder bites you but does no damage.
The adder barely misses you.
You sock the adder!
You kill the adder!
Your Shields skill increases to level 4!
No target in view!
No target in view!
No target in view!
No target in view!
No target in view!
No target in view!
Things that are here:
an enchanted dagger; an adder corpse
t - a scroll labeled KEIRHO MOKAN You regained 2 hp, and now have 25/29 hp.
f - 3 grey potions (gained 1)
You now have 131 gold pieces (gained 13).
g - 4 scrolls labeled TIUVI BOIQIO (gained 1)
u - a scroll labeled SOQALURITU Health restored: 29 A giant newt comes into view.
A giant newt is nearby!
The giant newt bites you but does no damage.
You barely miss the giant newt. You block the giant newt's attack.
You block the giant newt's attack.
You thump the giant newt!
You kill the giant newt!
No target in view!
No target in view!
No target in view!
No target in view!
No target in view!
No target in view!
You see here a giant newt corpse.
r - 2 emerald potions (gained 1)
Found a stone staircase leading up.
No target in view!
No target in view!
No target in view!
An orc warrior, an orc priest and an orc wizard come into view.
The orc warrior shouts!
The orc wizard shouts!
The orc wizard gestures wildly while chanting.
The orc wizard blinks!
The orc priest calls down the wrath of Beogh upon you.
Something smites you!
You take 10 damage, and have 19/29 hp.
MASSIVE DAMAGE!!
Drink which item? (? for menu, Esc to quit)
You feel very mighty all of a sudden.
You sock the orc wizard!
The orc wizard hits you but does no damage.
Your shield and scale mail prevent you from hitting the orc wizard.
You closely miss the orc warrior. The orc warrior misses you.
The orc wizard mumbles some strange words.
The orc wizard seems to speed up.
You hit the orc warrior.
The orc priest hits you but does no damage.
You block the orc warrior's attack.
The orc warrior hits you with a short sword.
The orc priest mumbles some strange prayers to Beogh against you.
Something smites you!
Ouch! That really hurt!
You die...

P.♣ #.# #.
♣.♣ #†# #.
..# #.# #.
#.# #.# #.
#.# #.# #.
#.# #.# #%
#.# #.#
#.###.#####.#
#oo@........#
#o###.#####.#
#. #)# #.# #o
#.# ### #.
#<# ## ###


You could see an orc warrior, an orc priest and an orc wizard.

Vanquished Creatures
  2 adders
  2 worms
  2 giant geckos (D:2)
  An orc (D:3)
  2 giant cockroaches
  6 hobgoblins
  8 bats
  5 giant newts
  7 goblins
  4 kobolds
  4 rats
43 creatures vanquished.

Notes
Turn   | Place    | Note
--------------------------------------------------------------
     0 | D:1      | Xvorost the Gargoyle Fighter began the quest for the Orb.
     0 | D:1      | Reached XP level 1. HP: 14/14 MP: 1/1
    81 | D:1      | Reached XP level 2. HP: 16/19 MP: 2/2
   823 | D:2      | Reached XP level 3. HP: 20/23 MP: 3/3
  1401 | D:3      | Reached skill level 1 in Dodging
  1649 | D:3      | Reached XP level 4. HP: 29/29 MP: 4/4
  1730 | D:3      | Reached skill level 4 in Shields
  1840 | D:3      | Noticed an orc warrior
  1846 | D:3      | Killed from afar by an orc priest

Vault maps used:
D:1:      dpeg_arrival_shelter, serial_corexii_hall, corexii_hall_statues_l,
          corexii_hall_statues_l, corexii_hall_statues_u, due_unseen_surprise
D:3:      serial_forest, infiniplex_forest_straight_3,
          infiniplex_forest_lined_room_2, infiniplex_forest_corner_1,
          infiniplex_forest_end_1, infiniplex_forest_lined_room_,
          infiniplex_forest_straight_4, infiniplex_forest_end_3

Action                   |  1- 3 |  4- 6 || total
-------------------------+-------+-------++-------
Melee: Flail             |   153 |    40 ||   193
  Use: Potion            |       |     1 ||     1
  Eat: Bread ration      |     1 |       ||     1
       Chunk             |     1 |       ||     1

Vault maps used:
D:1:      dpeg_arrival_shelter, serial_corexii_hall, corexii_hall_statues_l,
          corexii_hall_statues_l, corexii_hall_statues_u, due_unseen_surprise
D:3:      serial_forest, infiniplex_forest_straight_3,
          infiniplex_forest_lined_room_2, infiniplex_forest_corner_1,
          infiniplex_forest_end_1, infiniplex_forest_lined_room_,
          infiniplex_forest_straight_4, infiniplex_forest_end_3

Table legend:
 A = Turns spent in this place as a percentage of turns spent in the entire game.
 B = Non-inter-level travel turns spent in this place as a percentage of non-inter-level travel turns spent in the entire game.
 C = Inter-level travel turns spent in this place as a percentage of turns spent in this place.
 D = Turns resting spent in this place as a percentage of non-inter-level travel turns spent in this place.
 E = Turns spent auto-exploring this place as a percentage of non-inter-level travel turns spent in this place.
 F = Non-inter-level travel turns spent in this place divided by the number of levels of this place that you've seen.
                   A       B       C       D       E      F
               +-------+-------+-------+-------+-------+----------------------
         Total | 100.0 | 100.0 |   0.4 |   0.9 |  11.9 | 187.3
       Dungeon | 100.0 | 100.0 |   0.4 |   0.9 |  11.9 | 187.3
               +-------+-------+-------+-------+-------+----------------------

Table legend:
 A = Kills in this place as a percentage of kills in entire the game.
 B = Kills by you in this place as a percentage of kills by you in the entire game.
 C = Kills by friends in this place as a percentage of kills by friends in the entire game.
 D = Other kills in this place as a percentage of other kills in the entire game.
 E = Experience gained in this place as a percentage of experience gained in the entire game.
 F = Experience gained in this place divided by the number of levels of this place that you have seen.
                   A       B       C       D       E      F
               +-------+-------+-------+-------+-------+----------------------
         Total | 100.0 | 100.0 |  -nan |  -nan | 100.0 |  34.0
       Dungeon | 100.0 | 100.0 |  -nan |  -nan | 100.0 |  34.0
               +-------+-------+-------+-------+-------+----------------------
